 Dungeon Crawl Stone Soup version 0.17-a0-1545-gc1bb672 (console) character file.

4089 Monkaria the Spear-Bearer (level 10, -2/88 (90) HPs)
             Began as a Minotaur Berserker on July 18, 2015.
             Was an Elder of Trog.
             Slain by an orc warrior
             ... wielding a +0 glaive
              (29 damage)
             ... in a bailey.
             The game lasted 00:18:46 (9057 turns).

Monkaria the Spear-Bearer (Minotaur Berserker)      Turns: 9057, Time: 00:18:46

HP:   -2/88 (90)    AC: 12    Str: 23    XL:     10   Next: 5%
MP:   9/9           EV: 11    Int:  4    God:    Trog [****..]
Gold: 387           SH:  0    Dex: 12    Spells: 0 memorised, 9 levels left

rFire  . . .     SeeInvis +     l - +0 halberd (curse)
rCold  . . .     Clarity  .     y - +0 chain mail
rNeg   . . .     SustAt   .     (no shield)
rPois  .         Gourm    .     (helmet restricted)
rElec  .         Spirit   .     (no cloak)
rCorr  .         Warding  .     (no gloves)
rMut   .         Stasis   .     (no boots)
MR     .....                    (no amulet)
Stlth  ..........               k - ring of see invisible
                                m - +2 ring of evasion

@: not resistant to hostile enchantments, extremely unstealthy
A: retaliatory headbutt, horns 2
a: Burn Spellbooks, Berserk, Trog's Hand, Brothers in Arms, Renounce Religion


You were in a bailey.
You worshipped Trog.
Trog was greatly pleased with you.
You were not hungry.

You visited 2 branches of the dungeon, and saw 9 of its levels.
You also visited: Bailey.

You collected 387 gold pieces.

Inventory:

Hand weapons
 a - a +0 spear
 l - a cursed +0 halberd (weapon)
 r - a +0 halberd
 F - a +1 trident
Missiles
 q - 2 tomahawks (quivered)
 B - 63 poisoned needles
Armour
 v - a +2 plate armour of magic resistance
 y - a +0 chain mail (worn)
Jewellery
 f - an uncursed amulet of stasis
 i - an uncursed ring of flight
 k - a ring of see invisible (right hand)
 m - a +2 ring of evasion (left hand)
 w - an uncursed ring of wizardry
Magical devices
 u - a wand of fire (3)
Scrolls
 d - 2 scrolls of enchant armour
 j - 2 scrolls of amnesia
 n - 7 scrolls of remove curse
 p - 2 scrolls of enchant weapon
Potions
 e - 3 potions of curing
 g - 3 potions of resistance
 o - 3 potions of flight
 s - a potion of might
 t - a potion of brilliance
 x - 2 potions of lignification
 z - 2 potions of degeneration
 A - 2 potions of poison
Comestibles
 c - 10 bread rations


   Skills:
 - Level 8.5 Fighting
 + Level 11.5 Polearms
 - Level 11.1 Armour
 - Level 2.1 Dodging


You had 9 spell levels left.
You didn't know any spells.

Dungeon Overview and Level Annotations

Branches:
Dungeon (8/15)             Temple (1/1) D:7
   Lair: D:8-11

Altars:
Ashenzari
Cheibriados
Elyvilon
Gozag
Kikubaaqudgha
Makhleb
Nemelex Xobeh
Okawaru
Qazlal
Ru
Sif Muna
Trog
Vehumet
Xom
Yredelemnul
Zin
The Shining One


Innate Abilities, Weirdness & Mutations

You reflexively headbutt those who attack you in melee.
You have a pair of horns on your head.


Message History

Press: ? - help, Shift-Dir - straight line, f/p - orc knight
Aim: an orc knight, wielding a glaive and wearing a chain mail (almost dead)
The bolt of fire hits the orc knight.
You kill the orc knight!
Trog accepts your kill.
Your Polearms skill increases to level 11!
You have reached level 10!
Evoking this partially-identified wand wasted a few charges.
The orc warrior barely misses you.
Attack whom?
Press: ? - help, Dir - move target cursor, f - orc warrior
Aim: an orc warrior, wielding a glaive and wearing a plate armour (consumed by blood-lust)
You reach to attack!
You closely miss the orc warrior.
Attack whom?
Press: ? - help, Dir - move target cursor, f/p - orc warrior
Aim: an orc warrior, wielding a glaive and wearing a plate armour (consumed by blood-lust)
You reach to attack!
You hit the orc warrior but do no damage.
The orc warrior hits you from afar with a glaive!!
You die...

##.........## ##..≈≈≈≈≈≈≈..##
##..≈≈....[≈≈..##
##########..≈≈..###..≈≈..######
#..........≈≈..## ##..≈≈.......
#.≈≈≈≈≈≈≈≈≈≈..##.∩.##..≈≈≈≈≈≈≈≈
#.≈....)..)..## ....##........)
#.≈.#########'###+#############
#.≈.## #.@....... ## #.≈).##
#..§§≈≈≈≈≈. ##. #.≈≈..##
##..≈≈o....≈≈ ##.)
#∩.≈≈..#'#..§≈o.⌠⌠⌠..≈ #..≈
##.≈≈..#'#..≈≈...⌠...§ #..≈
#.≈≈..##.#'..≈≈.....≈≈ ##..
#.≈..##...##..≈≈§≈≈≈≈. ##.
#.≈.##.....##......... $$.##
#.≈.########## #####


You could see 2 orc warriors.

Vanquished Creatures
  An orc knight (Bailey)
  Prince Ribbit (D:7)
  A spriggan (D:7)
  A hippogriff (D:5)
  A hungry ghost (D:8)
  Edmund (D:4)
  4 orc warriors
  A black bear (D:7)
  An ice beast (D:8)
  A sky beast (D:7)
  A centaur (D:8)
  4 necrophages
  An ogre (D:6)
  2 giant frogs
  3 killer bees (D:7)
  3 scorpions
  An electric eel (D:8)
  5 wights (D:7)
  3 crimson imps
  A jelly (D:7)
  3 hounds
  An iguana (D:6)
  A giant frog skeleton (D:6)
  6 orc wizards
  Natasha (thrice) (D:2)
  3 orc priests (D:7)
  2 quasits
  4 worker ants
  A hound zombie (D:7)
  2 mummies (D:8)
  9 adders
  4 gnolls (D:7)
  3 shadow imps
  5 worms
  4 giant geckos
  30 orcs
  A ball python (D:1)
  A bat zombie (D:6)
  4 giant cockroaches
  18 hobgoblins
  7 jackals
  11 kobolds
  14 bats
  8 giant newts
  19 goblins
  2 jackal skeletons
  5 quokkas
  15 rats
223 creatures vanquished.

Notes
Turn   | Place    | Note
--------------------------------------------------------------
     0 | D:1      | Monkaria the Minotaur Berserker began the quest for the Orb.
     0 | D:1      | Reached XP level 1. HP: 19/19 MP: 0/0
   103 | D:1      | Reached skill level 4 in Fighting
   145 | D:1      | Reached XP level 2. HP: 20/28 MP: 1/1
   499 | D:1      | Acquired Trog's second power
   993 | D:1      | Reached skill level 5 in Fighting
  1213 | D:2      | Found a glowing silver altar of Zin.
  1215 | D:2      | Reached XP level 3. HP: 36/36 MP: 2/2
  1441 | D:2      | Noticed Natasha
  1446 | D:2      | Killed Natasha
  1511 | D:2      | Reached XP level 4. HP: 42/42 MP: 3/3
  1561 | D:2      | Noticed Natasha
  1567 | D:2      | Killed Natasha
  1567 | D:2      | Reached skill level 5 in Polearms
  1621 | D:2      | Noticed Natasha
  1625 | D:2      | Killed Natasha
  1828 | D:2      | Noticed a moth of wrath
  1830 | D:2      | Found a bloodstained altar of Trog.
  2097 | D:3      | Reached skill level 6 in Polearms
  2097 | D:3      | Reached XP level 5. HP: 36/48 MP: 4/4
  2349 | D:3      | Found a white marble altar of Elyvilon.
  2506 | D:3      | Found a deep blue altar of Sif Muna.
  2595 | D:4      | Noticed Edmund
  2603 | D:4      | Killed Edmund
  2603 | D:4      | Reached skill level 7 in Polearms
  2603 | D:4      | Reached XP level 6. HP: 24/56 MP: 5/5
  2864 | D:4      | Reached skill level 8 in Polearms
  3181 | D:4      | Reached skill level 9 in Polearms
  3181 | D:4      | Reached XP level 7. HP: 56/61 MP: 6/6
  3644 | D:5      | Entered Level 5 of the Dungeon
  3651 | D:5      | Acquired Trog's third power
  4121 | D:5      | Found a shattered altar of Ashenzari.
  4443 | D:6      | Reached skill level 5 in Armour
  5220 | D:6      | HP: 3/61 [ogre/giant spiked club (24)]
  5262 | D:6      | Reached XP level 8. HP: 46/68 MP: 7/7
  6118 | D:7      | Noticed Prince Ribbit
  6161 | D:7      | Killed Prince Ribbit
  6699 | D:7      | Reached skill level 10 in Armour
  6901 | D:7      | Reached XP level 9. HP: 55/74 MP: 8/8
  6976 | D:7      | Reached skill level 11 in Armour
  7588 | D:7      | Found a staircase to the Ecumenical Temple.
  7654 | Temple   | Entered the Ecumenical Temple
  8009 | D:7      | HP: 2/81 [orc warrior/flail (21)]
  8314 | D:8      | Found a snail-covered altar of Cheibriados.
  8506 | D:8      | Reached skill level 10 in Polearms
  8535 | D:8      | Found a flagged portal.
  8558 | Bailey   | Entered a bailey
  9034 | Bailey   | Noticed an orc knight
  9054 | Bailey   | Killed an orc knight
  9054 | Bailey   | Reached XP level 10. HP: 26/88 MP: 9/9
  9057 | Bailey   | Slain by an orc warrior

Vault maps used:
D:1:      dpeg_arrival_round_c, roderic_lattice_a, corner_web_ring
D:2:      overflow_temple_1_default, first_bread, tgw_trog, uniq_natasha
D:3:      nicolae_overflow_crystal_walls, nicolae_overflow_hidden_temple
D:4:      forest_paths, serial_bayou_crossing, uniq_edmund
D:5:      evilmike_ruin_ashenzari
D:7:      minmay_temple_entry_butterflies, the_bakery,
          minmay_misc_feat_more_columns, minmay_misc_feat_plants,
          uniq_prince_ribbit1
D:8:      grunt_dithmenos_smoke_and_mirrors, cheibriados_altar_1,
          enter_bailey_3, serial_undead, serial_undead_a, serial_undead_f,
          serial_undead_f, serial_undead_d, serial_undead_e, serial_undead_f
Temple:   triangle_lava_temple_12
Bailey:   bailey_polearm_1, bailey

Action                   |  1- 3 |  4- 6 |  7- 9 | 10-12 || total
-------------------------+-------+-------+-------+-------++-------
Melee: Spear             |    96 |   175 |   617 |       ||   888
       Halberd           |       |       |     8 |     2 ||    10
Throw: Tomahawk          |       |       |    11 |       ||    11
Invok: Trog's Hand       |       |     1 |    11 |       ||    12
       Berserk           |       |       |     2 |       ||     2
       Burn Spellbooks   |       |       |     1 |       ||     1
Evoke: Wand              |       |     1 |     3 |     1 ||     5
  Use: Potion            |       |       |     6 |       ||     6
       Scroll            |       |       |    15 |       ||    15
 Stab: Sleeping          |     1 |     3 |     1 |       ||     5
       Distracted        |     1 |       |       |       ||     1
  Eat: Chunk             |     1 |     6 |    19 |       ||    26
       Beef jerky        |       |       |     1 |       ||     1
       Pizza             |       |       |     2 |       ||     2
